 Dungeon Crawl Stone Soup version 0.27-a0-732-ga892ba84f6 (webtiles) character file.

Game seed: 1231409950305736718

2 CurlyBrace the Charlatan (level 1, 2/9 HPs)
             Began as a Felid Artificer on Mar 24, 2021.
             Quit the game on level 2 of the Dungeon.
             The game lasted 00:00:52 (70 turns).

CurlyBrace the Charlatan (Felid Artificer)            Turns: 70, Time: 00:00:52

Health: 2/9        AC:  1    Str:  8    XL:     1   Next: 25%
Magic:  2/2        EV: 18    Int: 12    God:
Gold:   10         SH:  0    Dex: 16    Spells: 0/0 levels left
                                        Lives:  0   Deaths: 0

rFire    . . .     SeeInvis +   (weapon unavailable)
rCold    . . .     Faith    .   (shield unavailable)
rNeg     . . .     Spirit   .   (armour unavailable)
rPois    .         Reflect  .   (helmet unavailable)
rElec    .         Harm     .   (cloak unavailable)
rCorr    .         Rampage  .   (gloves unavailable)
Will     .....                  (boots unavailable)
Stlth    ++........             (no amulet)
HPRegen  0.03/turn              (no ring)
MPRegen  0.08/turn              (no ring)

@: lethally poisoned (2 -> -10), quick
A: very small, claws 1, fangs 3, see invisible, speed 1, shaggy fur 1, stealthy
paws, no weapons or thrown items, no armour, multi-lived
a: no special abilities


You were on level 2 of the Dungeon.
You visited 1 branch of the dungeon, and saw 2 of its levels.

You collected 10 gold pieces.

Inventory:

Wands
 a - a wand of flame (15) (quivered)
 b - a wand of charming (15)
 c - a wand of random effects (15)
Scrolls
 d - a scroll of torment


   Skills:
 * Level 1.1 Fighting
 - Level 3.2 Dodging
 + Level 1.4 Stealth
 * Level 0.2 Unarmed Combat
 - Level 3.2 Evocations


You couldn't memorise any spells.
You didn't know any spells.
Your spell library was empty.

Dungeon Overview and Level Annotations

Branches:
Dungeon (2/15)

Altars:


Innate Abilities, Weirdness & Mutations

You have sharp claws.
You have razor-sharp teeth.
You have supernaturally acute eyesight. (SInv)
You cover ground quickly. (Speed+)
You are covered in fur. (AC +1)
Your stealthy paws help you sneak and pounce on unaware monsters.
You are incapable of wielding weapons or throwing items.
You cannot wear armour.
You gain extra lives every three experience levels.


Message History

A kobold comes into view. It is wielding a +0 whip.
The kobold shouts!
You hear an angry hiss.
A ball python comes into view.
There is a stone staircase leading down here.
You see here a frilled lizard corpse.
The quokka completely misses you.
You climb downwards.
Found a scroll labelled NEQAUR XORACK.
There is a stone staircase leading up here.
The quokka bites you but does no damage.
You see here a scroll labelled NEQAUR XORACK.
As you read the scroll labelled NEQAUR XORACK, it crumbles to dust.
It is a scroll of identify.
d - a scroll of torment The quokka closely misses you.
A rat comes into view.
Found a stone staircase leading up.
The helpless rat fails to defend itself.
You scratch the rat.
You kill the rat!
The quokka closely misses you.
A bat comes into view.
The bat barely misses you.
Found a whip and 7 gold pieces.
The bat closely misses you. The bat misses you.
The bat hits you but does no damage.
Really walk into that teleport trap?
You enter a teleport trap!
The teleport trap disappears.
Your surroundings suddenly seem different.
An adder and a goblin come into view.
You pounce on the unaware helpless adder!
You scratch the adder.
The adder is moderately wounded.
The adder bites you.
* * * LOW HITPOINT WARNING * * *
You are lethally poisoned!
The adder poisons you!
You aren't carrying any potions.
Are you sure you want to abandon this character and quit the game? (Confirm with "yes".)

############.##
#......@S.....#
........##..###.
##.####.##...g. .
##.####....<#### .#
... $.......#####.#
... .......##..... #.#
###.......... #.#
#.....##.####
#.#####...........####


You could see an adder and a goblin (asleep).

Vanquished Creatures
  A frilled lizard (D:1)
  2 rats
3 creatures vanquished.

Notes
Turn   | Place    | Note
-------+----------+-------------------------------------------
     0 | D:1      | CurlyBrace the Felid Artificer began the quest for the Orb.
     0 | D:1      | Reached XP level 1. HP: 9/9 MP: 2/2
    70 | D:2      | Quit the game

Illustrated notes

Levels and vault maps discovered:
D:1:      ncdulo_lavacross, layout_basic
D:2:      layout_loops_ring, nicolae_overflow_hidden_temple,
          gammafunk_temple_overflow_pools

Action                   || total
-------------------------++-------
Melee: Unarmed           ||     5
  Use: Scroll            ||     1
 Stab: Sleeping          ||     4
Armor: Skin              ||     2
Dodge: Dodged            ||    14

Table legend: (Time is in decaauts)
 A = Elapsed time spent in this place.
 B = Non-inter-level travel time spent in this place.
 C = Inter-level travel time spent in this place.
 D = Time resting spent in this place.
 E = Time spent auto-exploring this place.
 F = Levels seen in this place.
 G = Mean time per level.
                   A        B        C        D        E       F      G
               +--------+--------+--------+--------+--------+-----+--------+
         Total |     58 |     58 |      0 |      0 |      0 |   2 |   29.0 |
       Dungeon |     58 |     58 |      0 |      0 |      0 |   2 |   29.0 |
               +--------+--------+--------+--------+--------+-----+--------+

Top non-repeatable levels by time:
     D:1: 43 daAuts
     D:2: 15 daAuts
